[Event "European Women-ch 2023"]
[Site "Petrovac"]
[Date "2023.03.18"]
[Round "1.17"]
[White "Gueci, Tea"]
[Black "Golsta, Ramona"]
[Result "1/2-1/2"]
[ECO "B51"]
[WhiteElo "2227"]
[BlackElo "1760"]
[Annotator "TA"]
[PlyCount "86"]
[EventDate "2023.03.15"]
[EventType "swiss"]
[EventCountry "MNE"]
[SourceTitle "playchess.com"]
[Source "ChessBase"]
[SourceQuality "1"]
[TimeControl "40/5400+30:1800+30"]

1. e4 c5 2. Nf3 Nc6 3. Bb5 d6 4. O-O Bd7 5. Re1 Nf6 6. c3 a6 7. Bf1 Bg4 8. h3 Bxf3 9. Qxf3 e6 {[%emt 0:00:05] B51: Sicilian: Moscow Variation (3 Bb5+) without 3...Bd7.} 10. d3 Be7 11. Qg3 O-O {[%emt 0:00:30] White has an edge.} 12. Nd2 d5 13. e5 {[%emt 0:05:31] [#]} Ne8 $146 ({Predecessor:} 13... Nd7 14. Nf3 Kh8 15. h4 b5 16. Qg4 Rb8 17. g3 d4 18. Qe4 Qc7 19. Bg2 dxc3 20. bxc3 {½-½ Ajay,K (2436)-Baghdasaryan,V (2267) Chennai op 13th 2022 (7)}) 14. Nf3 f6 15. exf6 Rxf6 16. h4 (16. Bg5 $5 Rf5 17. Bf4 $11) 16... Nd6 17. Qh3 Qd7 18. Bg5 Rf5 19. g4 (19. Bxe7 $14 Qxe7 20. Ng5) 19... Rf7 $11 20. Bg2 Raf8 21. Re2 Ne8 22. Rae1 Nc7 23. Bxe7 Rxe7 24. Qg3 Ref7 25. g5 Rf4 26. Nh2 Qf7 27. Ng4 Kh8 28. f3 b5 29. Nf6 Rf5 (29... e5 $5 30. Ng4 $8 d4 $11) 30. Bh3 (30. Ng4 $5 Qe7 31. Rf2 $11) 30... gxf6 31. Bxf5 exf5 32. Qd6 {[%emt 0:00:22][%csl LRc5,LRc6] Repels Qd7} Ne5 33. Rf1 ({White should try} 33. Kf1 $15) 33... Rc8 $2 (33... Nxd3 34. Re7 Qg6 35. Rxc7 $18 (35. Qxc7 fxg5 36. h5 Qh6 $11)) (33... Ne8 $17 {stays on course.} 34. Qxc5 Ng7) 34. f4 $1 $16 Ng4 (34... Nxd3 $2 35. Re7 Qg6 36. h5 (36. Rxc7 Rxc7 37. Qd8+ Qg8 $11)) (34... Ng6 $16) 35. Re7 $36 {[%emt 0:00:55][%mdl 2048] Keeping Black busy.} Qh5 {[%emt 0:00:24][%cal Oh5h4] [#] White must now prevent ...Qxh4!} 36. Rxc7 $2 {[%emt 0:02:10] White is much more active.} (36. Rfe1 $1 $16 Rg8 37. Qxc7 (37. R1e2 Ne8 $15)) 36... Rg8 $11 37. Qxd5 {[%emt 0:07:03] And now Re1 would win.} (37. g6 {gets mated.} Qxg6 38. Qxd5 Ne3+ 39. Kf2 Nxd5) 37... Qxh4 38. Qg2 {[%emt 0:00:44][%mdl 8192] Wards off Qh2+} (38. Qxc5 $2 Qh2#) (38. Qh1 $11 Qg3+ 39. Qg2 Qe3+ 40. Kh1 fxg5 41. Ra7) 38... Ne3 (38... fxg5 $142 39. fxg5 (39. Rxc5 $2 {perishes.} Ne3 $19) 39... Ne3) 39. Qf3 $19 Nxf1 40. Kxf1 $2 {[%emt 0:00:00] [#]} (40. Qc6 Qg4+ 41. Kxf1 Qxf4+ 42. Ke2 Qg4+ 43. Kd2 Qxg5+ 44. Kc2) 40... fxg5 $2 ({Better is} 40... Re8 $1 $19 {[%cal Re8e1] ( -> ...Re1+)} 41. Kg2 fxg5 42. Rxc5 gxf4 43. Rxf5 Rg8+ 44. Kf1 Qh2) 41. Qe3 $11 {[%emt 0:09:05] White threatens Qe5+ and mate. The position is equal.} Qxf4+ 42. Qxf4 gxf4 43. Rxc5 f3 {[%emt 0:08:26] Weighted Error Value: White=0.33/Black=0.57} 1/2-1/2

[Event "European Women-ch 2023"]
[Site "Petrovac"]
[Date "2023.03.18"]
[Round "1.18"]
[White "Valkova, Angelika"]
[Black "Cyfka, Karina"]
[Result "0-1"]
[ECO "E23"]
[WhiteElo "2055"]
[BlackElo "2350"]
[Annotator "TA"]
[PlyCount "184"]
[EventDate "2023.03.15"]
[EventType "swiss"]
[EventCountry "MNE"]
[SourceTitle "playchess.com"]
[Source "ChessBase"]
[SourceQuality "1"]
[TimeControl "40/5400+30:1800+30"]

1. d4 Nf6 2. c4 e6 3. Nc3 Bb4 4. Qb3 c5 5. dxc5 Nc6 6. Nf3 Ne4 7. Bd2 Nxd2 8. Nxd2 O-O {[%emt 0:00:16] E23: Nimzo-Indian: 4 Qb3 c5 5 dxc5 Nc6.} 9. g3 Bxc5 10. Bg2 a6 {[%emt 0:01:00][%cal Ob7b5] The position is equal.} 11. O-O Be7 12. Rac1 {[%emt 0:09:00] [#]} Rb8 $146 ({Predecessor:} 12... b6 13. c5 bxc5 14. Bxc6 dxc6 15. Nc4 Qc7 16. Qb6 Qxb6 17. Nxb6 Rb8 18. Nca4 a5 {½-½ Zakharov,V (2074)-Shchebenyuk,M (2201) RUS HKMC-07 email 2015}) 13. a4 b6 14. Qd1 Bb7 15. e4 d6 16. Nf3 Bf6 17. Rc2 Qe7 18. Re1 Rfd8 19. Qe2 Nb4 20. Rcc1 Rbc8 21. b3 Qc7 22. Na2 Nc6 23. Nc3 Na5 24. Nd2 Qc5 {[%emt 0:02:17] White is weak on the dark squares} 25. Kh1 (25. Nd1 $15) 25... Qb4 $17 26. Qe3 Nc6 ({Better is} 26... Nxb3 $17 27. Nxb3 Qxb3) 27. f4 $15 Qc5 28. Nf3 Na5 29. Nd2 Bd4 (29... g6 $15) 30. Qd3 $11 {[%emt 0:00:21][%cal Ob3b4] aiming for b4!} Nc6 (30... Bf6 $11) 31. Nf3 $15 Bf6 32. Qe3 Nb4 33. h3 d5 $36 {[%emt 0:01:43][%mdl 2048] Black is in control.} 34. exd5 Qxe3 35. Rxe3 exd5 36. Ne5 Rc7 {[%emt 0:03:26] And now ...Bxe5 would win.} 37. Re2 (37. Rd1 $142) 37... Bxe5 $17 38. fxe5 dxc4 39. Bxb7 Rxb7 40. bxc4 Rc7 41. Na2 Nd3 42. Rb1 Rxc4 43. Rxb6 Rxa4 44. Rd6 Rd4 45. Rxa6 Nc5 $1 46. Rd6 R8xd6 47. exd6 {[%emt 0:00:06][%cal Re2e8][%mdl 4096] Endgame KRN-KRN} Ne4 48. Kg2 Nxd6 49. Nc3 h5 50. h4 g6 51. Rf2 Nf5 52. Ne2 Rd3 53. Rf3 Rd2 54. Kf1 (54. Rf2 $17) 54... Kg7 $2 (54... Rxe2 $1 $19 {is more deadly.} 55. Rxf5 Ra2) 55. Ra3 Nh6 {[%emt 0:02:18] Black has more active pieces.} 56. Ke1 Rb2 57. Rd3 Ng4 58. Rc3 Ne5 59. Kf2 Kf6 60. Ke3 (60. Ra3 $17) 60... Kf5 $1 $19 61. Rc5 {[%emt 0:01:04] [#]} f6 $1 62. Ra5 {[%emt 0:00:31] [#]} Kg4 $1 {[%emt 0:01:44] Strongly threatening ...Nc4+.} 63. Ra4+ (63. Kf2 $142) 63... Kh3 {[%emt 0:00:17] ...Ng4+ would be deadly.} 64. Ra6 $2 (64. Ra1) 64... Ng4+ 65. Kd3 {[%emt 0:00:33] [#]} Rxe2 $1 {[%emt 0:01:44][%mdl 576] Remove Defender} 66. Kxe2 Kxg3 {[%emt 0:00:02] KR-KN} 67. Ra4 Kxh4 68. Kf3 Kg5 {[%emt 0:00:10] Hoping for ...f5.} 69. Kg3 f5 70. Rb4 Nf6 71. Kh3 Ne4 72. Rb6 h4 73. Rb4 Kh5 {[%emt 0:00:31] ...g5 is the strong threat.} 74. Rb5 Ng5+ 75. Kh2 Kg4 76. Rb4+ f4 77. Kg2 Nf3 {[%emt 0:00:36] ( -> ...g5)} 78. Rb3 h3+ 79. Kh1 g5 {[%emt 0:00:18] Black mates.} 80. Rb4 Ne5 81. Re4 Nd3 82. Rd4 Nf2+ 83. Kh2 Kh4 84. Rd8 Ng4+ 85. Kh1 Kg3 86. Rh8 Nf2+ ({Worse is} 86... h2 87. Rh3+ Kxh3 $11) 87. Kg1 g4 88. Rh7 f3 89. Rh8 Ne4 90. Kh1 Kf2 91. Ra8 Ke2 92. Re8 f2 {[%emt 0:00:36] Weighted Error Value: White=0.23 (precise) /Black=0.20 (precise)} 0-1

[Event "European Women-ch 2023"]
[Site "Petrovac"]
[Date "2023.03.18"]
[Round "1.18"]
[White "Goriachkina, Oksana"]
[Black "Abdulla, Khayala"]
[Result "1/2-1/2"]
[ECO "D27"]
[WhiteElo "1759"]
[BlackElo "2221"]
[Annotator "TA"]
[PlyCount "99"]
[EventDate "2023.03.15"]
[EventType "swiss"]
[EventCountry "MNE"]
[SourceTitle "playchess.com"]
[Source "ChessBase"]
[SourceQuality "1"]
[TimeControl "40/5400+30:1800+30"]

1. d4 Nf6 2. c4 e6 3. Nf3 d5 4. Nc3 dxc4 5. e3 a6 6. a4 c5 7. Bxc4 Nc6 8. O-O Be7 9. Qe2 O-O 10. Rd1 Qc7 11. d5 exd5 12. Nxd5 Nxd5 13. Bxd5 Bf6 {[%emt 0:02:31] D27: Queen's Gambit Accepted: Classical main line: 7 e4!? and 7 a4.} 14. e4 Bg4 15. Be3 $1 {[%emt 0:09:04] [#] Prevents Nd4.} Nd4 $146 {[%emt 0:21:25] The position is equal.} ({Predecessor:} 15... Bxf3 16. Qxf3 Bxb2 17. Rab1 Bd4 18. Bxc6 Qxc6 19. Bxd4 cxd4 20. Rxd4 b5 21. axb5 axb5 {½-½ Gagunashvili,M (2472)-Kharlov,A (2633) EU-ch 3rd Batumi 2002 (12)}) 16. Bxd4 Bxd4 17. Rab1 Rad8 18. b4 Rd6 (18... Bxf3 $11 {remains equal.} 19. Qxf3 (19. gxf3 Qe5 $17) 19... b6) 19. bxc5 $16 Qxc5 20. Rxd4 Bxf3 21. Qc4 ({Better is} 21. Qd3 Be2 22. Qd2 (22. Qxe2 Qxd4 23. Rxb7 Qa1+ 24. Qf1 Qxa4 $17)) 21... Qxc4 {[%emt 0:00:46][%mdl 64] [#] Remove Defender} 22. Rxc4 Rg6 23. g3 b5 24. axb5 axb5 25. Rc5 ({Reject} 25. Rxb5 $6 Be2 $15) 25... Rb6 26. Rb3 Be2 27. Rb2 Bf3 28. Rb3 {[%emt 0:02:56] White is more active.} (28. Rcxb5 $2 {is the wrong capture.} Rc8 29. Bxf7+ (29. Rxb6 $2 Rc1#) 29... Kh8 $19) (28. Rbxb5 $5 Rxb5 29. Rxb5 $16) 28... Be2 29. Rb2 Bf3 30. Rbxb5 (30. Rcxb5 $2 {too greedy.} Rc8 31. Bxf7+ (31. Rxb6 $2 Rc1#) 31... Kh8 $19) 30... Rxb5 31. Rxb5 $14 {[%emt 0:00:01][%mdl 4096] Endgame KRB-KRB} Rc8 {[%emt 0:00:45][%cal Rc8c1] [#]} 32. Bc6 g6 (32... Rd8 $5 33. Bd5 Rc8 34. Bxf7+ Kf8 $16) 33. Rb3 Bg4 34. Bb7 {[%emt 0:00:25] White is slightly better.} Rb8 35. Bd5 {[%emt 0:00:36] Wards off Be6} Rxb3 36. Bxb3 {[%emt 0:00:01] KB-KB} Bf3 37. Bc2 Kg7 38. e5 f6 39. exf6+ Kxf6 40. Bd3 h6 41. Bf1 g5 42. Bg2 Be2 43. f3 Bb5 44. Kf2 Ba6 45. Ke3 Bc8 46. Bf1 Bb7 47. Bd3 Bc6 48. Be4 Ba4 49. f4 Bd1 50. Bf3 {[%emt 0:02:59] Weighted Error Value: White=0.11 (very precise) /Black=0.10 (very precise)} 1/2-1/2

[Event "European Women-ch 2023"]
[Site "Petrovac"]
[Date "2023.03.18"]
[Round "1.19"]
[White "Gaponenko, Inna"]
[Black "Dylag, Emilia"]
[Result "1/2-1/2"]
[ECO "C85"]
[WhiteElo "2349"]
[BlackElo "2052"]
[Annotator "TA"]
[PlyCount "95"]
[EventDate "2023.03.15"]
[EventType "swiss"]
[EventCountry "MNE"]
[SourceTitle "playchess.com"]
[Source "ChessBase"]
[SourceQuality "1"]
[TimeControl "40/5400+30:1800+30"]

1. e4 e5 2. Nf3 Nc6 3. Bb5 a6 4. Ba4 Nf6 5. O-O Be7 6. Bxc6 dxc6 7. d3 Bg4 8. h3 Bxf3 9. Qxf3 Qd6 10. Nd2 Qe6 11. Nc4 O-O-O 12. Bd2 {[%emt 0:25:47] C85: Closed Ruy Lopez: Deferred Exchange Variation.} Nd7 13. b4 {[%emt 0:03:08] [#]} b6 $146 ({Predecessor:} 13... g5 14. Bc3 h5 15. Qf5 Qxf5 16. exf5 f6 17. a4 Nb6 18. Nxb6+ cxb6 19. Rfe1 Rd5 {1-0 Samani,Y (2303)-Gundogan,S (2061) TUR Cup Antalya 2017 (9)}) 14. a4 {[%emt 0:02:08] White is slightly better.} Kb7 15. Rfb1 {[%emt 0:11:28] White is more active.} Ra8 16. Qg4 (16. Ne3 $16) 16... Qxg4 $11 17. hxg4 f6 18. g3 h5 19. gxh5 Rxh5 20. Kg2 Rah8 21. Ne3 Rh2+ 22. Kf3 g6 {[%emt 0:00:21] Inhibits Nf5.} 23. Bc3 Nf8 24. Ng4 R2h5 25. Bd2 Ne6 26. c3 {[%emt 0:00:01] Dodges Nd4+} Bd6 27. Ne3 (27. Nxf6 $2 {too greedy.} Rf8 28. Ke2 Rxf6 $19) 27... f5 28. exf5 gxf5 29. Nc4 f4 30. gxf4 (30. Rg1 {simplifies} fxg3 31. Nxd6+ cxd6 32. Rxg3 Rf8+ 33. Ke2) 30... Nxf4 31. Bxf4 {[%emt 0:00:31] The position is equal.} Rf5 {[%emt 0:00:43][%mdl 64] [#] Pin} 32. Rh1 Rxf4+ 33. Ke2 Rhf8 34. Raf1 e4 35. Nxd6+ cxd6 {[%emt 0:00:07][%cal Bc7d6,Bd6d5,Bd5d4][%mdl 4128] Endgame KRR-KRR} 36. Rh7+ Kb8 37. dxe4 Rxe4+ 38. Kd3 Ref4 39. Rg1 Rf3+ 40. Kc4 d5+ ({But not} 40... Rxf2 41. Rgg7 b5+ 42. Kb3 $14) 41. Kb3 d4 42. Rgg7 Rxc3+ ({Don't take} 42... dxc3 43. Rb7+ Ka8 44. Rxb6 $14) 43. Kb2 Rxf2+ 44. Kb1 {[%emt 0:00:09] [#] White wants to mate with Rh8+.} Rf1+ 45. Kb2 Rf2+ 46. Kb1 {[%emt 0:00:05] Intending Rh8+ and mate.} Rf1+ 47. Kb2 {[%emt 0:00:05] Rh8+ would kill now.} Rf2+ 48. Kb1 {[%emt 0:00:04] Weighted Error Value: White=0.06 (flawless) /Black=0.05 (flawless)} 1/2-1/2

[Event "European Women-ch 2023"]
[Site "Petrovac"]
[Date "2023.03.18"]
[Round "1.19"]
[White "Sieber, Fiona"]
[Black "Gamal, Alaa"]
[Result "1-0"]
[ECO "C42"]
[WhiteElo "2217"]
[BlackElo "1748"]
[Annotator "TA"]
[PlyCount "95"]
[EventDate "2023.03.15"]
[EventType "swiss"]
[EventCountry "MNE"]
[SourceTitle "playchess.com"]
[Source "ChessBase"]
[SourceQuality "1"]
[TimeControl "40/5400+30:1800+30"]

1. e4 e5 2. Nf3 Nf6 3. Nxe5 d6 4. Nf3 Nxe4 5. Bd3 d5 6. O-O {[%emt 0:00:12] C42: Petroff Defence: 3 Nxe5 and unusual White 3rd moves.} Be7 7. c3 O-O {[%emt 0:03:48] [#]} 8. Qe2 $146 (8. Bc2 $11 {deserves consideration.}) ({Predecessor:} 8. Bc2 Bg4 9. d4 Nd7 10. Re1 f5 11. Nbd2 c6 12. Nf1 Bd6 13. Qd3 Qf6 14. h3 {1-0 Bortnyk,O (2604)-Pourkashiyan,A (2322) Titled Tuesday intern op 25th Jan blitz 2022 (2)}) 8... Bf5 9. Bc2 Ng3 {[%emt 0:10:16][%mdl 64] Discovered Attack} 10. fxg3 Bxc2 11. d4 Ba4 12. c4 dxc4 13. Nc3 Bd7 14. Bf4 c6 15. d5 {[%emt 0:00:43] Repels Be6} Bc5+ 16. Kh1 b5 17. Rad1 Re8 {[%emt 0:00:44] [#]} (17... Qe8 $11) 18. Qc2 {[%emt 0:00:59] White is much more active. The black rooks are badly placed.} ({White must play} 18. Ne5 $1 $16) 18... Qc8 {[%emt 0:01:53] Strongly threatening ...Bf5.} 19. Rfe1 (19. Ng5 Bf5 20. Qd2 Bd3 $17) (19. dxc6 $1 $11 Bf5 20. Qc1 Qxc6 21. a4) 19... Na6 (19... Rxe1+ $17 20. Rxe1 cxd5 21. Nxd5 Nc6) 20. Ne5 $2 (20. Ng5 $2 Rxe1+ 21. Rxe1 Bf5 $19) (20. Rxe8+ $11 {and White has nothing to worry.} Bxe8 21. Ng5 (21. dxc6 $2 Nb4 $19)) 20... Nb4 $19 21. Qd2 Nxd5 {[%emt 0:15:03][%mdl 64] Remove Defender} 22. Nxd5 cxd5 23. Qxd5 Be6 24. Qe4 Qa6 25. Nf3 Qc8 $2 (25... Qxa2 $2 26. Ng5 g6 27. Qb7 $18) (25... f6 $19 {Hoping for ...Bf7.} 26. h3 Bf7) 26. Be5 $2 (26. Ne5 $1 $11) 26... Bf5 27. Qf4 Bb4 {[%emt 0:02:05] This pair of bishops is nice.} 28. Bc3 Rxe1+ 29. Rxe1 Bxc3 30. bxc3 Bg6 31. Nd4 (31. h4 $142) 31... Qd7 $17 32. Qe5 {[%emt 0:01:02] [#]} (32. a3 $17) 32... a6 ({Black should play} 32... b4 $1 $19 33. Qa5 (33. cxb4 $2 c3 $19) 33... Re8 34. Rxe8+ Qxe8) 33. a3 f6 34. Qc5 Re8 35. Rxe8+ Qxe8 {[%emt 0:00:03][%cal Re8e1][%mdl 4096] Endgame KQB-KQN} 36. h3 Be4 {[%emt 0:01:43] Against Qd5+} (36... Qe1+ 37. Kh2 $11) 37. Kh2 Qa8 {[%emt 0:00:30] Repels Qa7} (37... Bb7 $19 {Threatens to win with ...Qe4.} 38. Qa7 Qa8 39. Qxa8+ Bxa8) 38. Qe7 $11 {[%emt 0:00:38] Intending Ne6 and mate.} Bg6 (38... Bxg2 $2 {is a self mate.} 39. Ne6 Kh8 40. Qxg7#) 39. Qd7 Bf7 40. Nf5 Qe8 41. Qb7 g6 (41... Qe6 $11) 42. Nd6 $16 Qe6 43. Qxa6 Be8 44. Qb6 (44. Qa8 $1 $16 Qxd6 45. Qxe8+ Kg7 46. Qxb5) 44... f5 $2 (44... Kf8 $11) 45. Qd8 Kf8 46. Nxb5 Kg7 $2 (46... Qe7 47. Qc8 h5) 47. Nc7 $18 Qd7 48. Nxe8+ {[%emt 0:00:06] What a bad dream for Black.   Weighted Error Value: White=0.35/Black=0.64} ({Weaker is} 48. Qxe8 Qxc7 49. Qe3 Kf7 $16) 1-0

[Event "European Women-ch 2023"]
[Site "Petrovac"]
[Date "2023.03.18"]
[Round "1.20"]
[White "Walter, Ema"]
[Black "Brunello, Marina"]
[Result "0-1"]
[ECO "B50"]
[WhiteElo "2048"]
[BlackElo "2346"]
[Annotator "TA"]
[PlyCount "56"]
[EventDate "2023.03.15"]
[EventType "swiss"]
[EventCountry "MNE"]
[SourceTitle "playchess.com"]
[Source "ChessBase"]
[SourceQuality "1"]
[TimeControl "40/5400+30:1800+30"]

1. e4 c5 2. Nf3 d6 3. Nc3 Nf6 4. e5 dxe5 5. Nxe5 a6 6. g3 {[%emt 0:00:04] B50: Sicilian: 2...d6, Miscellaneous.} Qd6 7. Nf3 b5 {[%emt 0:00:21] [#]} 8. a3 $146 {[%emt 0:02:41] The position is equal.} ({Predecessor:} 8. Bg2 Bb7 9. O-O e6 10. d3 Nbd7 11. Bf4 Qb6 12. Re1 Bd6 13. Be3 O-O 14. Nd2 Bxg2 15. Kxg2 {0-1 Mamedov,R (2656)-Bok,B (2616) Titled Tuesday intern op 07th Jun Late blitz 2022 (6)}) 8... Bb7 {[%emt 0:00:57] [#] Strongly threatening ...Qe6+.} 9. Bg2 e6 10. d3 Qb6 11. Qe2 Be7 12. Bf4 Nc6 13. Ne4 O-O 14. O-O Nd4 15. Nxd4 cxd4 16. Nxf6+ Bxf6 17. Bxb7 Qxb7 18. Qe4 Qb6 (18... Qxe4 {simplifies} 19. dxe4 Rfc8 20. Rac1 Rc4) 19. g4 Qc5 20. g5 Bxg5 $17 21. b4 Qe7 22. Qxd4 Rfd8 {[%emt 0:03:15] Against Bd6} 23. Qe4 Bxf4 24. Qxf4 Rac8 25. Qd2 (25. Rfc1 $17 {might work better.}) 25... Qf6 $19 26. a4 Qf3 27. Rfe1 Rd4 28. Re4 $2 {[%emt 0:01:06] [#]} (28. axb5 axb5 29. Ra7) 28... Qxe4 {[%emt 0:00:54] Weighted Error Value: White=0.48/Black=0.04 (flawless)} 0-1

[Event "European Women-ch 2023"]
[Site "Petrovac"]
[Date "2023.03.18"]
[Round "1.20"]
[White "Humbatova, Nazli"]
[Black "Gajcin, Marina"]
[Result "0-1"]
[ECO "B33"]
[WhiteElo "1737"]
[BlackElo "2215"]
[Annotator "TA"]
[PlyCount "74"]
[EventDate "2023.03.15"]
[EventType "swiss"]
[EventCountry "MNE"]
[SourceTitle "playchess.com"]
[Source "ChessBase"]
[SourceQuality "1"]
[TimeControl "40/5400+30:1800+30"]

1. e4 c5 2. Nf3 Nc6 3. d4 cxd4 4. Nxd4 Nf6 5. Nc3 e5 6. Ndb5 d6 7. Bg5 a6 8. Bxf6 gxf6 9. Na3 b5 10. Nd5 Bg7 11. c3 f5 12. exf5 Bxf5 13. Qf3 (13. Nc2 $14) 13... Bd7 {[%emt 0:09:05] B33: Sicilian: Pelikan and Sveshnikov Variations.} (13... Be6 $5) 14. Qg3 (14. Nc2 $11) 14... O-O $1 $15 15. Nc2 {[%emt 0:16:40] [#]} f5 $146 {[%emt 0:04:55] Black is slightly better.} ({Predecessor:} 15... Kh8 16. Qd3 e4 17. Qd2 Rb8 18. Be2 f5 19. g3 Be6 20. Nf4 Bf7 21. O-O Be5 {0-1 Djuric-Matic,R JUG-ch corr Yugoslavia 1979}) 16. O-O-O Kh8 (16... f4 17. Qf3 $11) 17. Qd3 Ra7 (17... Be6 {is interesting.} 18. g3 Nd4 19. Ndb4 e4) 18. Qd2 Be6 19. Be2 Rd7 20. Kb1 Bxd5 21. Qxd5 Ne7 22. Qb3 d5 23. g3 Nc6 24. a4 Na5 25. Qa2 Nc4 26. b3 ({Better is} 26. Rhf1 $15) 26... Na5 (26... Nd6 $19 27. f3 e4) 27. axb5 (27. f4 $17) 27... axb5 $19 28. Bxb5 Rb7 29. c4 (29. Na3 $142 Qa8 30. b4 (30. Rxd5 $2 Rxb5 31. Rxb5 Qxh1+ 32. Kb2 Nc6 $19)) 29... Qa8 {[%emt 0:01:00] Strongly threatening ...Rfb8.} 30. Rxd5 {[%emt 0:00:21] aiming for b4.} Rxb5 {[%emt 0:00:13][%mdl 64] [#] Pin} 31. Rhd1 (31. b4 Rxd5 32. cxd5) 31... Rxb3+ {[%emt 0:05:52] Black is clearly winning.} 32. Kc1 Bh6+ (32... Nxc4 33. Qxb3 Rc8 34. Qd3 Bh6+ 35. f4 $16) 33. f4 exf4 ({Weaker is} 33... Nxc4 34. Qxb3 Rc8 35. Qd3 $16) 34. Qa1+ Bg7 35. Qxa5 Bb2+ 36. Kd2 Qxa5+ {[%emt 0:00:06][%mdl 64] [#] Remove Defender} ({Stronger than} 36... fxg3 37. Qxa8 Rxa8 38. hxg3 $17) 37. Rxa5 Bc3+ {[%emt 0:00:02] Weighted Error Value: White=0.83/Black=0.12 (very precise)} 0-1

[Event "European Women-ch 2023"]
[Site "Petrovac"]
[Date "2023.03.18"]
[Round "1.21"]
[White "Savina, Anastasia"]
[Black "Koljevic, Nikolina"]
[Result "1-0"]
[ECO "E51"]
[WhiteElo "2345"]
[BlackElo "2042"]
[Annotator "TA"]
[PlyCount "51"]
[EventDate "2023.03.15"]
[EventType "swiss"]
[EventCountry "MNE"]
[SourceTitle "playchess.com"]
[Source "ChessBase"]
[SourceQuality "1"]
[TimeControl "40/5400+30:1800+30"]

1. d4 Nf6 2. c4 e6 3. Nc3 Bb4 4. e3 d5 5. Bd2 O-O 6. Nf3 Nbd7 7. Rc1 $1 {[%emt 0:07:17][%mdl 4] is more profitable than 7.Bd3 at the moment. E51: Nimzo-Indian: Rubinstein: 4...0-0 5 Nf3 d5.} c6 8. Bd3 Qe7 9. O-O {[%emt 0:13:56] The position is equal.} dxc4 10. Bxc4 e5 11. Qc2 Bd6 12. h3 {[%emt 0:05:04] [#]} h6 $146 ({Predecessor:} 12... a5 13. a3 Bc7 14. Ba2 g6 15. Rfe1 Kg7 16. e4 exd4 17. Nxd4 Ne5 18. f4 Bb6 19. Be3 Neg4 20. Nf5+ gxf5 21. Bxb6 Nh6 22. exf5 Qd7 23. g4 {1-0 Bluebaum,M (2642)-Sjugirov,S (2680) Titled Tuesday intern op 15th Feb Late blitz 2022 (8)}) 13. Bb3 (13. Nh4 {looks sharper.} Nb6 14. Ng6 Qd8 15. Bb3) 13... e4 $2 (13... Re8 $11) 14. Nh4 $18 {[%emt 0:03:54] Hoping for Nf5.} Re8 (14... Bb8 $142 15. Nf5 {[%mdl 64] Deflection} Qd8) 15. Nf5 Qf8 {[%emt 0:00:11] [#]} 16. f3 $1 exf3 (16... Bb4 {was worth a try.} 17. Nxe4 Be7) 17. Rxf3 Bb8 (17... a5 {was necessary.} 18. e4 a4) 18. e4 c5 19. e5 cxd4 (19... c4 $142 20. exf6 cxb3 21. fxg7 bxc2 22. gxf8=Q+ Kxf8) 20. exf6 ({Not} 20. Nxd4 Bxe5 21. Nf5 Kh8 $11) 20... dxc3 21. fxg7 Qc5+ 22. Be3 Rxe3 23. Nxh6+ {[%emt 0:00:50] White mates.} Kxg7 24. Rxf7+ Kxh6 25. Qh7+ Kg5 26. h4+ $2 {[%emt 0:00:28] A superb game by Savina.   Weighted Error Value: White=0.08 (flawless) /Black=0.94} (26. Qg8+ {mates} Kh6 27. Rh7#) 1-0

[Event "European Women-ch 2023"]
[Site "Petrovac"]
[Date "2023.03.18"]
[Round "1.21"]
[White "Rudzinska, Michalina"]
[Black "Huseynova, Lala"]
[Result "1-0"]
[ECO "B92"]
[WhiteElo "2212"]
[BlackElo "1694"]
[Annotator "TA"]
[PlyCount "113"]
[EventDate "2023.03.15"]
[EventType "swiss"]
[EventCountry "MNE"]
[SourceTitle "playchess.com"]
[Source "ChessBase"]
[SourceQuality "1"]
[TimeControl "40/5400+30:1800+30"]

1. e4 c5 2. Nf3 d6 3. d4 cxd4 4. Nxd4 Nf6 5. Nc3 a6 6. Be2 e5 7. Nb3 Be7 8. O-O Be6 9. Qd3 {[%emt 0:00:50] B92: Sicilian Najdorf: 6 Be2.} Nbd7 10. Nd5 Bxd5 11. exd5 {[%emt 0:00:08] The position is equal.} O-O 12. Bd2 Rc8 13. c4 Nc5 14. Nxc5 {[%emt 0:00:43] [#]} dxc5 $146 ({Predecessor:} 14... Rxc5 15. b4 Rc8 16. Rac1 Nd7 17. Bg4 g6 18. Bxd7 Qxd7 19. Be3 f5 20. f3 Qa4 {1-0 Fishbein,A (2443)-Kraus,T (2477) Titled Tuesday intern op 08th Feb Late blitz 2022 (11)}) 15. Rfe1 Bd6 16. Bg5 Re8 17. Bf3 b6 18. Rad1 {[%emt 0:03:45] Black is weak on the light squares} Qe7 19. Re3 {[%emt 0:11:58] White is more active.} Rcd8 20. Qf5 Qd7 21. Qxd7 Rxd7 22. Bxf6 gxf6 23. Be4 Bf8 24. Ra3 a5 (24... b5 $16) 25. Rdd3 $18 Bg7 26. Rdb3 Rd6 27. Rb5 Ra8 (27... f5 $16 {keeps fighting.}) 28. Bf5 Ra6 29. Rab3 a4 30. Ra3 Bh6 31. Bc2 Bd2 32. Kf1 (32. Bxa4 f5 33. Rbb3 Bb4 $16) 32... Kg7 33. Ke2 (33. Rxa4 Rxa4 34. Bxa4 f5) (33. Bxa4 $6 f5 34. Ke2 Bg5) 33... Bg5 34. Kf3 (34. Rxa4 Rxa4 35. Bxa4 f5) (34. Bxa4 f5 35. Bb3 Rxa3 36. bxa3 Rh6) 34... h5 35. Ke4 (35. Rxa4 Rxa4 36. Bxa4 f5 $16) (35. Bxa4 f5 36. Ke2 e4 $16) 35... Kg6 36. g3 (36. Bxa4 Bf4 37. Kf3 f5) 36... Rd8 (36... Bh6 {was called for.} 37. f4 (37. Bxa4 Bg7 $16) (37. Rxa4 Rxa4 38. Bxa4 Bg7 $18) 37... f5+ 38. Kxe5 Rf6) 37. Rxa4 ({Don't do} 37. Bxa4 $6 Bc1 38. Bd1 f5+ 39. Kf3 Rxa3+ 40. bxa3 Rb8) 37... Rxa4 38. Bxa4 {[%emt 0:00:05][%mdl 4096] Endgame KRB-KRB} Rd6 39. Rb3 {[%emt 0:01:43] aiming for Bc6.} Bh6 $2 (39... f5+ 40. Kxe5 Be7) 40. Bc6 Bg7 (40... f5+ $142 41. Kxe5 Bf8 42. Rxb6 Rf6) 41. Rxb6 f5+ 42. Ke3 f4+ 43. Ke2 fxg3 44. hxg3 e4 45. a4 Bd4 46. a5 Rf6 47. Be8 (47. a6 $142) 47... Rxb6 (47... Be5 $142 48. Bc6 Bc7) 48. axb6 {[%emt 0:00:05] [#] Intending d6 and mate. KB-KB} Kf6 49. b7 Be5 50. Ke3 Ke7 51. Kxe4 Bb8 52. Ba4 Kf6 53. Bd1 Kg5 {[%emt 0:00:10] [#]} 54. d6 $1 Bxd6 55. Kd5 Bb8 56. Kxc5 Kf6 57. Bxh5 {[%emt 0:00:09] Weighted Error Value: White=0.25 (precise) /Black=0.29 (precise)} 1-0